 Dungeon Crawl Stone Soup version 0.31-a0-210-gccc998df9b (webtiles) character file.

Game seed: 2052105527385130680

65 123456 the Trooper (level 3, -1/34 HPs)
             Began as a Minotaur Fighter on June 29, 2023.
             Slain by Sigmund
             ... wielding a +0 scythe
              (13 damage)
             ... on level 2 of the Dungeon.
             The game lasted 00:01:44 (932 turns).

123456 the Trooper (Minotaur Fighter)                Turns: 932, Time: 00:01:45

Health: -1/34      AC:  0    Str: 22    XL:     3   Next: 94%
Magic:  2/2        EV: 13    Int:  5    God:
Gold:   51         SH:  0    Dex:  9    Spells: 2/2 levels left

rFire   . . .        a - melded +0 flail
rCold   . . .        c - melded +0 buckler
rNeg    . . .        b - melded +0 scale mail
rPois   .            (helmet currently unavailable)
rElec   .            (cloak currently unavailable)
rCorr   .            j - melded +1 pair of gloves
SInv    .            (boots currently unavailable)
Will    .....        m - amulet of reflection
Stlth   +            (ring currently unavailable)
HPRegen 0.25/turn    (ring currently unavailable)
MPRegen 0.08/turn

%: reflection
@: confused, pig-form, very quick
A: fast, no casting, small, (horns 2), (retaliatory headbutt)
a: no special abilities


You were on level 2 of the Dungeon.
You were a filthy swine.
You visited 1 branch of the dungeon, and saw 2 of its levels.

You collected 93 gold pieces.
You spent 42 gold pieces at shops.

Inventory:

Hand Weapons
 a - a +0 flail (melded)
Missiles
 k - 2 javelins
Armour
 b - a +0 scale mail (melded)
 c - a +0 buckler (melded)
 j - a +1 pair of gloves (melded)
Jewellery
 m - an amulet of reflection (around neck)
Scrolls
 e - 2 scrolls of blinking {unknown}
 g - 2 scrolls of teleportation
 h - a scroll of identify {unknown}
Potions
 d - 2 potions of might
 f - a potion of heal wounds {unknown}
 i - a potion of berserk rage {unknown}
 l - a potion of curing {unknown}


   Skills:
 * Level 4.5 Fighting
 * Level 3.5 Maces & Flails
 + Level 4.0 Armour
 + Level 1.3 Dodging
 - Level 3.6 Shields


You had 2 spell levels left.
You didn't know any spells.
Your spell library contained the following spells:

 Spells                   Type           Power      Damage    Failure   Level
 Slow                     Hex            0%         N/A       47%         1
 Sublimation of Blood     Necr           0%         N/A       63%         2
 Wereblood                Tmut           0%         N/A       63%         2
 Confusing Touch          Hex            0%         N/A       85%         3
 Vampiric Draining        Necr           0%         2d6       85%         3
 Summon Hydra             Summ           0%         N/A       100%        7


Dungeon Overview and Level Annotations

Branches:
Dungeon (2/15)

Altars:
Ru

Shops:
D:1 =   D:2 :?

Annotations:
D:2 Sigmund


Innate Abilities, Weirdness & Mutations

You are a filthy swine.
You move quickly.
Your equipment is almost entirely melded.
You are incapable of wielding weapons or throwing items.
You cannot cast spells.
((You have a pair of horns on your head.))
((You reflexively headbutt those who attack you in melee.))


Message History

The magic dart hits you!
You barely miss Sigmund. Your headbutt misses Sigmund.
You block Sigmund's attack.
You closely miss Sigmund. Your headbutt misses Sigmund.
Sigmund closely misses you. You block the frilled lizard's attack.
You hit Sigmund.
Sigmund is lightly wounded.
The frilled lizard bites you but does no damage.
Sigmund hits you but does no damage.
You sock Sigmund!
Sigmund is heavily wounded.
The frilled lizard barely misses you.
You closely miss Sigmund. You headbutt Sigmund!
Sigmund is severely wounded.
Sigmund completely misses you. The frilled lizard barely misses you.
Unknown command.
You barely miss Sigmund.
Sigmund is severely wounded.
You block the frilled lizard's attack. Sigmund hits you but does no damage.
You closely miss Sigmund.
Sigmund is severely wounded.
You block the frilled lizard's attack.
Sigmund zaps a wand.
You turn into a filthy swine.
Your +0 flail melds into your body.
Your +1 pair of gloves melds into your body.
Your +0 buckler melds into your body.
Your +0 scale mail melds into your body.
The frilled lizard bites you.
Unknown command.
You hit Sigmund.
Sigmund is almost dead.
Sigmund points at you and mumbles some strange words.
You are confused.
Sigmund screams, "Only death can liberate you!"
Sigmund hits you from afar with a +0 scythe!
You bump into the rock wall.
The frilled lizard bites you.
You bump into the rock wall.
The frilled lizard closely misses you. Sigmund closely misses you.
You closely miss the frilled lizard. The frilled lizard barely misses you.
Sigmund hits you from afar with a +0 scythe!
You die...

#.# #########.†.......#.##....
#.#######.............#.##....
#.##......###.........#..#....
#.........# #.#..#######......
####......###.#..# #...###
#......#......# #....#
#......#.#.#..# #....##
#..........#@.# #......
#.....##.#hl..# #...###
#.....##.#.#.#...# #####
####.#####.#.# .# ... .....
.... ##.#.#. ..... #......
..... #.#.# #. #.#.. ..


You could see Sigmund and a frilled lizard.

Vanquished Creatures
  A gnoll (D:1)
  2 adders (D:2)
  A dart slug (D:2)
  3 ball pythons (D:1)
  An endoplasm (D:1)
  4 giant cockroaches
  5 hobgoblins
  3 jackals (D:1)
  A quokka (D:1)
  3 bats
  A frilled lizard (D:1)
  5 goblins (D:1)
  A kobold (D:1)
  2 rats
33 creatures vanquished.

Notes
Turn   | Place    | Note
-------+----------+-------------------------------------------
     0 | D:1      | 123456 the Minotaur Fighter began the quest for the Orb.
     0 | D:1      | Reached XP level 1. HP: 19/19 MP: 0/0
   114 | D:1      | Reached XP level 2. HP: 27/27 MP: 1/1
   601 | D:1      | Reached XP level 3. HP: 33/33 MP: 2/2
   635 | D:1      | Reached skill level 1 in Dodging
   648 | D:1      | Found Hyfuciph's One-of-a-Kind Rings.
   754 | D:2      | Found Cuczauf's Magic Scroll Shop.
   770 | D:2      | Bought a scroll of teleportation for 42 gold pieces
   795 | D:2      | Found a sacrificial altar of Ru.
   844 | D:2      | Found Fost's Book Shoppe.
   918 | D:2      | Noticed Sigmund
   932 | D:2      | Slain by Sigmund

Illustrated notes

Levels and vault maps discovered:
D:1:      dpeg_arrival_chambers_temple_mockup, layout_basic,
          minmay_misc_feat_room, nicolae_shop_unique_rings,
          minmay_misc_feat_more_columns, dreamdust_wishing_well,
          minmay_tiny_reverse_x
D:2:      layout_basic, serial_shops, shop, shop, basic_altar, uniq_sigmund

Skill      XL: |  1  2  3 |
---------------+----------+-----
Fighting       | 4 |  4.5
Maces & Flails | 3 |  3.5
Dodging        | 1 |  1.3
Armour         | 4 |  4.0
Shields        | |  3.6

Action                     || total
---------------------------++-------
  Melee: Flail             ||    77
         Headbutt          ||     8
         Unarmed           ||     2
 Armour: Scale mail        ||    57
  Dodge: Dodged            ||    51
  Block: Buckler           ||    27

Table legend: (Time is in decaauts)
 A = Elapsed time spent in this place.
 B = Non-inter-level travel time spent in this place.
 C = Inter-level travel time spent in this place.
 D = Time resting spent in this place.
 E = Time spent auto-exploring this place.
 F = Levels seen in this place.
 G = Mean time per level.
                   A        B        C        D        E       F      G
               +--------+--------+--------+--------+--------+-----+--------+
         Total |    951 |    939 |     12 |      0 |    701 |   2 |  475.5 |
       Dungeon |    951 |    939 |     12 |      0 |    701 |   2 |  475.5 |
               +--------+--------+--------+--------+--------+-----+--------+

Top non-repeatable levels by time:
     D:1: 754 daAuts
     D:2: 197 daAuts
